 Dungeon Crawl Stone Soup version 0.31-a0-164-g2312942fda (webtiles) character file.

Game seed: 7061641631737978327

563 zazu2006 the Basher (level 7, 0/78 HPs)
             Began as a Gnoll Wanderer on June 14, 2023.
             Slain by a kobold brigand
             ... wielding a +2 whip of electrocution
              (4 damage)
             ... in a sewer.
             The game lasted 00:09:02 (3076 turns).

zazu2006 the Basher (Gnoll Wanderer)                Turns: 3076, Time: 00:09:05

Health: 0/78       AC: 23    Str: 12 (14) XL:     7   Next: 32%
Magic:  12/12      EV:  2    Int: 12 (13) God:
Gold:   190        SH:  0    Dex:  7 (9)  Spells: 12/13 levels left

rFire   . . .        a - +0 flail
rCold   . . .        (no shield)
rNeg    . . .        d - melded +0 leather armour
rPois   +            m - melded +0 helmet
rElec   .            (cloak currently unavailable)
rCorr   .            e - melded +0 pair of gloves
SInv    .            f - melded +0 pair of boots
Will    .....        (no amulet)
Stlth   ++           g - +5 ring of evasion
HPRegen 0.33/turn    (no ring)
MPRegen 0.13/turn

%: no passive effects
@: brilliant, tree-form
A: stationary, stasis, torment immunity, boosted hp, (fangs 1), strong nose,
distributed training
a: no special abilities


You were in a sewer.
You were a tree.
You visited 1 branch of the dungeon, and saw 3 of its levels.
You also visited: Sewer.

You collected 190 gold pieces.

Inventory:

Hand Weapons
 a - a +0 flail (weapon)
 h - a +4 dagger of venom
Armour
 d - a +0 leather armour (melded)
 e - a +0 pair of gloves (melded)
 f - a +0 pair of boots (melded)
 m - a +0 helmet (melded)
Jewellery
 g - a +5 ring of evasion (left branch)
Scrolls
 c - 3 scrolls of teleportation
 i - 2 scrolls of identify
 l - a scroll of immolation
 p - a scroll of blinking {unknown}
 s - a scroll of fear {unknown}
Potions
 j - a potion of haste
 o - a potion of cancellation
 q - a potion of might {unknown}
 r - a potion of brilliance
Miscellaneous
 b - a piece from Xom's chessboard (15/15)


   Skills:
 + Level 3.6 Fighting
 + Level 2.5 Short Blades
 + Level 2.5 Long Blades
 + Level 2.5 Axes
 + Level 8.9 Maces & Flails
 + Level 2.5 Polearms
 + Level 2.5 Staves
 + Level 2.5 Ranged Weapons
 + Level 2.5 Throwing
 + Level 3.6 Armour
 + Level 2.5 Dodging
 + Level 2.5 Stealth
 + Level 2.5 Shields
 + Level 2.5 Unarmed Combat
 + Level 3.8 Spellcasting
 + Level 2.0 Conjurations
 + Level 2.0 Hexes
 + Level 2.0 Summonings
 + Level 2.0 Necromancy
 + Level 2.0 Translocations
 + Level 2.0 Transmutations
 + Level 3.0 Fire Magic
 + Level 2.0 Ice Magic
 + Level 2.0 Air Magic
 + Level 2.0 Earth Magic
 + Level 2.0 Poison Magic
 + Level 2.8 Invocations
 + Level 5.2 Evocations


You had 12 spell levels left.
You knew the following spells:

 Your Spells              Type           Power      Damage    Failure   Level
a - Foxfire               Conj/Fire      48%        2x1d6     8%          1

Your spell library contained the following spells:

 Spells                   Type           Power      Damage    Failure   Level
 Magic Dart               Conj           40%        1d5       10%         1
 Call Imp                 Summ           20%        N/A       14%         2
 Ignite Poison            Fire/Tmut/Pois 12%        N/A       26%         3
 Mephitic Cloud           Conj/Pois/Air  10%        N/A       28%         3


Dungeon Overview and Level Annotations

Branches:
Dungeon (3/15)              Sewer (1/1)

Altars:
Sif Muna


Innate Abilities, Weirdness & Mutations

You are a tree.
Your roots penetrate the ground, keeping you stationary.
You cannot be teleported.
You are immune to unholy pain and torment.
Your maximum health is greatly increased.
Your equipment is partially melded.
((You have very sharp teeth.))
Your uncanny sense of smell can sniff out nearby items.
Your experience applies equally to all skills.


Message History

Your magical effects are unravelling.
You feel magically purged.
You feel yourself slow down.
It was a potion of brilliance.
You feel clever all of a sudden.
You feel sick.
The kobold brigand hits you with a +0 dagger.
* * * LOW HITPOINT WARNING * * *
It was a potion of lignification.
You turn into a tree.
Your +0 helmet melds into your body.
Your +0 pair of gloves melds into your body.
Your +0 pair of boots melds into your body.
Your +0 leather armour melds into your body.
Your roots penetrate the ground.
You feel sick.
The kobold brigand hits you but does no damage.
You barely miss the kobold brigand.
The kobold brigand is moderately wounded.
You feel sick.
The kobold brigand hits you but does no damage.
You hit the kobold brigand.
The kobold brigand is heavily wounded.
You feel sick.
You are no longer poisoned.
You hit the kobold brigand.
The kobold brigand is heavily wounded.
The kobold brigand hits you but does no damage.
You miss the kobold brigand.
The kobold brigand hits you with a +0 dagger.
* * * LOW HITPOINT WARNING * * *
The kobold hits you but does no damage.
The kobold brigand hits you with a +2 whip of electrocution.
* * * LOW HITPOINT WARNING * * *
Unknown command.
It was a potion of degeneration.
There was something very wrong with that liquid.
You feel weakened.
You feel dopey.
You feel clumsy.
The kobold brigand hits you but does no damage.
The kobold hits you but does no damage.
The kobold brigand hits you with a +2 whip of electrocution.
You die...

#...##~≈≈≈~~....#
#†.##~~≈≈≈~.....#
##†.##~≈≈≈≈~~~....
#....#~≈≈≈≈~~~....
##....~~≈≈≈≈≈~.....
#....~.~≈≈≈≈≈~~...#
#...~~~~≈≈≈≈≈~~...#
#....~~≈≈≈≈≈≈~....#
#K♣K.~≈≈≈≈≈≈≈~~..##
##K###≈≈≈≈≈≈###'###
#..K..#≈≈≈≈≈≈#..)..#
#.....# ≈≈≈≈ #.....#
##...## ≈≈ ##...##
?.... #.....#
#!!#.!# #..#.)# ###
### ####### ≈≈≈ ≈≈≈
≈≈≈≈≈≈≈


You could see 2 kobold brigands and 2 kobolds.

Vanquished Creatures
  Sigmund (D:2)
  A kobold brigand (Sewer)
  Terence (D:3)
  Natasha (thrice) (D:2)
  6 adders
  9 river rats
  2 worms (D:2)
  4 dart slugs
  12 ball pythons
  5 bats
  5 endoplasms
  4 giant cockroaches
  2 goblins
  4 hobgoblins
  4 jackals (D:3)
  14 kobolds
  7 quokkas
  3 frilled lizards
  25 rats
112 creatures vanquished.

Vanquished Creatures (others)
  91 foxfires
91 creatures vanquished.

Grand Total: 203 creatures vanquished

Notes
Turn   | Place    | Note
-------+----------+-------------------------------------------
     0 | D:1      | zazu2006 the Gnoll Wanderer began the quest for the Orb.
     0 | D:1      | zazu2006 set off with the following items: a +0 flail, a
                  | piece from Xom's chessboard (15/15), a scroll of
                  | teleportation, a +0 leather armour; and the following spell
                  | memorised: Foxfire; and the following spells available to
                  | memorise: Ignite Poison.
     0 | D:1      | Reached XP level 1. HP: 17/17 MP: 4/4
   251 | D:1      | Reached XP level 2. HP: 21/23 MP: 3/5
   603 | D:1      | Reached XP level 3. HP: 28/28 MP: 4/7
   953 | D:1      | Reached skill level 1 in Invocations
  1109 | D:2      | Reached skill level 1 in Short Blades
  1109 | D:2      | Reached skill level 1 in Long Blades
  1109 | D:2      | Reached skill level 1 in Axes
  1109 | D:2      | Reached skill level 1 in Polearms
  1109 | D:2      | Reached skill level 1 in Staves
  1109 | D:2      | Reached skill level 1 in Ranged Weapons
  1109 | D:2      | Reached skill level 1 in Throwing
  1109 | D:2      | Reached skill level 1 in Dodging
  1109 | D:2      | Reached skill level 1 in Stealth
  1109 | D:2      | Reached skill level 1 in Shields
  1109 | D:2      | Reached skill level 1 in Unarmed Combat
  1245 | D:2      | Reached XP level 4. HP: 32/34 MP: 5/8
  1374 | D:2      | Noticed Natasha
  1383 | D:2      | Killed Natasha
  1384 | D:2      | Reached skill level 1 in Conjurations
  1384 | D:2      | Reached skill level 1 in Hexes
  1384 | D:2      | Reached skill level 1 in Summonings
  1384 | D:2      | Reached skill level 1 in Necromancy
  1384 | D:2      | Reached skill level 1 in Translocations
  1384 | D:2      | Reached skill level 1 in Transmutations
  1384 | D:2      | Reached skill level 1 in Ice Magic
  1384 | D:2      | Reached skill level 1 in Air Magic
  1384 | D:2      | Reached skill level 1 in Earth Magic
  1384 | D:2      | Reached skill level 1 in Poison Magic
  1412 | D:2      | Noticed Sigmund
  1434 | D:2      | Killed Sigmund
  1435 | D:2      | Reached XP level 5. HP: 9/41 MP: 8/10
  1435 | D:2      | Reached XP level 6. HP: 10/47 MP: 8/11
  1559 | D:2      | Noticed Natasha
  1569 | D:2      | Killed Natasha
  1570 | D:2      | Reached skill level 5 in Evocations
  2005 | D:2      | Noticed Natasha
  2014 | D:2      | Killed Natasha
  2202 | D:3      | Noticed Terence
  2213 | D:3      | Killed Terence
  2301 | D:3      | Found a shimmering blue altar of Sif Muna.
  2385 | D:3      | Found a glowing drain.
  2407 | Sewer    | Entered a sewer
  2671 | Sewer    | Reached XP level 7. HP: 52/52 MP: 12/12
  3075 | Sewer    | HP: 3/78 [kobold brigand/+2 whip of electrocution (2)]
  3076 | Sewer    | Slain by a kobold brigand

Illustrated notes

Levels and vault maps discovered:
D:1:      scummos_arrival_forest, layout_basic
D:2:      layout_basic, uniq_natasha, uniq_sigmund
D:3:      layout_rooms, lemuel_round_altar, portal_sewer_entry_a,
          grunt_ministairs_13, kennysheep_generic_room_16, uniq_terence,
          uniq_crazy_yiuf_cottage
Sewer:    sewer_minmay_treatment

Skill      XL: |  1  2  3  4  5  6  7 |
---------------+----------------------+-----
Fire Magic     | 2 3 |  3.0
Invocations    | 1 2 |  2.8
Short Blades   | 1 2 |  2.5
Long Blades    | 1 2 |  2.5
Axes           | 1 2 |  2.5
Polearms       | 1 2 |  2.5
Staves         | 1 2 |  2.5
Ranged Weapons | 1 2 |  2.5
Throwing       | 1 2 |  2.5
Dodging        | 1 2 |  2.5
Stealth        | 1 2 |  2.5
Shields        | 1 2 |  2.5
Unarmed Combat | 1 2 |  2.5
Spellcasting   | 3 |  3.8
Conjurations   | 1 2 |  2.0
Hexes          | 1 2 |  2.0
Summonings     | 1 2 |  2.0
Necromancy     | 1 2 |  2.0
Translocations | 1 2 |  2.0
Transmutations | 1 2 |  2.0
Ice Magic      | 1 2 |  2.0
Air Magic      | 1 2 |  2.0
Earth Magic    | 1 2 |  2.0
Poison Magic   | 1 2 |  2.0
Fighting       | 3 |  3.6
Armour         | 3 |  3.6
Evocations     | 5 |  5.2
Maces & Flails | |  8.9

Action                     |  1- 3 |  4- 6 |  7- 9 || total
---------------------------+-------+-------+-------++-------
  Melee: Flail             |    41 |   201 |   101 ||   343
         Bite              |     1 |    18 |     8 ||    27
         Punch             |     1 |     4 |     4 ||     9
   Cast: Foxfire           |    35 |    23 |       ||    58
    Use: Scroll            |       |     1 |       ||     1
         Potion            |       |       |     5 ||     5
   Stab: Sleeping          |     1 |       |     1 ||     2
 Armour: Leather armour    |    11 |    51 |    37 ||    99
         Skin              |       |       |     6 ||     6
  Dodge: Dodged            |    37 |   167 |   106 ||   310

Table legend: (Time is in decaauts)
 A = Elapsed time spent in this place.
 B = Non-inter-level travel time spent in this place.
 C = Inter-level travel time spent in this place.
 D = Time resting spent in this place.
 E = Time spent auto-exploring this place.
 F = Levels seen in this place.
 G = Mean time per level.
                   A        B        C        D        E       F      G
               +--------+--------+--------+--------+--------+-----+--------+
         Total |   3068 |   2956 |    112 |      0 |   2150 |   4 |  767.0 |
       Dungeon |   2401 |   2289 |    112 |      0 |   1759 |   3 |  800.3 |
         Sewer |    667 |    667 |      0 |      0 |    391 |   1 |  667.0 |
               +--------+--------+--------+--------+--------+-----+--------+

Top non-repeatable levels by time:
     D:2: 1171 daAuts
     D:1: 1012 daAuts
   Sewer: 667 daAuts
     D:3: 216 daAuts
